 Dungeon Crawl Stone Soup version 0.31-a0-557-g6e16503903 (webtiles) character file.

Game seed: 10921501901710566138

3621 NinjaNoafa the Fighter (level 10, -3/80 HPs)
             Began as a Djinni Ice Elementalist on Aug 15, 2023.
             Was an Elder of Elyvilon (penitent).
             Shot with a sling bullet by Joseph (5 damage)
             ... on level 8 of the Dungeon on Aug 16, 2023.
             The game lasted 00:16:53 (6237 turns).

NinjaNoafa the Fighter (Djinni Ice Elementalist)    Turns: 6237, Time: 00:16:54

Health: -3/80      AC: 14    Str:  9    XL:     10   Next: 32%
Gold:   438        EV: 12    Int: 19    God:    Elyvilon [****..] SH:  0 Dex: 14

rFire   + + .        a - +2 dagger (venom)
rCold   . . .        (no shield)
rNeg    . . .        d - +2 robe {Will+}
rPois   ∞            j - +0 helmet
rElec   .            (no cloak)
rCorr   .            (no gloves)
SInv    .            (boots unavailable)
Will    ++...        (no amulet)
Stlth   ++           s - ring of protection from fire
HPRegen 0.33/turn    A - ring of ice
MPRegen 0.00/turn

%: infuse magic (-4 HP)
@: ice-armoured, wereblooded, flying, very slightly contaminated
A: sickness immunity, fire resistance 2, cold vulnerability 1, float, innate
caster, HP casting, extra vitality 1
a: Renounce Religion


You were on level 8 of the Dungeon.
You worshipped Elyvilon.
Elyvilon was demanding penance.
You visited 2 branches of the dungeon, and saw 9 of its levels.

You collected 438 gold pieces.

Inventory:

Hand Weapons
 a - a +2 dagger of venom (weapon)
 b - the +1 scimitar of Atipp {heavy, rF+}
   (You found it on level 6 of the Dungeon)

   rF+:       It protects you from fire.
 c - a +2 whip of freezing
 F - the +7 sling "Hell-Harrower" {flame, rC++ rN+ rCorr Int-2}
   (You found it on level 7 of the Dungeon)

   Int-2:     It affects your intelligence (-2).
   rC++:      It greatly protects you from cold.
   rN+:       It protects you from negative energy.
   rCorr:     It protects you from acid and corrosion.
Missiles
 t - 5 curare-tipped darts
 u - 6 poisoned darts
Armour
 d - a +2 robe of willpower (worn)
 j - a +0 helmet (worn)
Jewellery
 f - a +6 ring of strength
 s - a ring of protection from fire (left hand)
 A - a ring of ice (right hand)
Wands
 m - a wand of flame (6)
 o - a wand of iceblast (14)
Scrolls
 e - a scroll of summoning {unknown}
 g - 2 scrolls of enchant armour {unknown}
 i - a scroll of amnesia {unknown}
 k - a scroll of revelation {unknown}
 q - a scroll of fog
 y - 2 scrolls of poison
 B - 2 scrolls of teleportation
 C - 3 scrolls of vulnerability {unknown}
 D - a scroll of silence {unknown}
Potions
 h - a potion of attraction {unknown}
 l - a potion of degeneration
 n - a potion of brilliance
 p - a potion of curing
 r - a potion of magic
 v - a potion of mutation
 w - a potion of lignification
 x - 2 potions of heal wounds
 z - a potion of haste
 E - 3 potions of cancellation {unknown}


   Skills:
 - Level 10.0 Fighting
 - Level 2.1 Dodging
 - Level 1.5 Stealth
 + Level 8.3 Spellcasting
 + Level 8.3 Conjurations
 + Level 8.3 Hexes
 + Level 8.3 Summonings
 + Level 8.3 Necromancy
 + Level 8.3 Translocations
 + Level 8.3 Transmutations
 + Level 8.3 Fire Magic
 + Level 8.3 Ice Magic
 + Level 8.3 Air Magic
 + Level 8.3 Earth Magic
 + Level 8.3 Poison Magic


You knew the following spells:

 Your Spells              Type           Power      Damage    Failure   Level
a - Scorch                Fire           78%        2d8       1%          2
b - Frozen Ramparts       Ice            100%       1d16      1%          3
c - Ozocubu's Armour      Ice            56%        N/A       1%          3
d - Summon Ice Beast      Ice/Summ       56%        N/A       2%          4
e - Apportation           Tloc           78%        N/A       1%          1
f - Wereblood             Tmut           39%        N/A       1%          2
g - Fulminant Prism       Conj/Hex       19%        3d10      2%          4
i - Freeze                Ice            100%       1d10      1%          1
Your spell library was empty.

Dungeon Overview and Level Annotations

Branches:
Dungeon (8/15) Zot: 26984  Temple (1/1) D:5 Zot: 5986
   Lair: D:8-11

Altars:
Ashenzari
Cheibriados
Dithmenos
Elyvilon
Fedhas
Gozag
Hepliaklqana
Makhleb
Nemelex Xobeh
Okawaru
Qazlal
Ru
Trog
Uskayaw
Wu Jian
Xom
Yredelemnul
Zin
The Shining One

Shops:
D:2 :   D:6 =

Portals:
Abyss: D:6

Annotations:
D:6 2 transporters, IdlyInterested's ghost, novice DsSh
D:8 Joseph


Innate Abilities, Weirdness & Mutations

You are immune to sickness and miasma.
You are immune to poison.
Your flesh is very heat resistant. (rF++)
You are vulnerable to cold. (rC-)
You float through the air rather than walking.
You learn spells naturally, not from books.
Your magical power is your life essence.
You have superior vitality. (+4 MHP)


Message History

Your ice beast disappears in a puff of smoke!
The wall freezes the two-headed ogre!
The two-headed ogre closely misses you.
The two-headed ogre hits you with a +0 giant spiked club!
You hear a shout! x3
You take 12 damage, and have 47/80 hp.
Aiming: Freeze (safe; 1% risk of failure)
Press: ? - help, Q - select action, (/) - cycle Shift-Dir - straight line, f - two-headed ogre
Aim: a two-headed ogre, wielding two +0 giant spiked clubs (severely wounded)
You feel a surge of power!
You freeze the two-headed ogre.
Aiming: Freeze (safe; 1% risk of failure)
Press: ? - help, Q - select action, (/) - cycle Shift-Dir - straight line, f/p - two-headed ogre
Aim: a two-headed ogre, wielding two +0 giant spiked clubs (severely wounded)
You feel a surge of power!
You freeze the two-headed ogre.
The wall freezes the two-headed ogre.
The two-headed ogre closely misses you. x2
You take 1 damage, and have 46/80 hp.
Aiming: Freeze (safe; 1% risk of failure)
Press: ? - help, Q - select action, (/) - cycle Shift-Dir - straight line, f/p - two-headed ogre
Aim: a two-headed ogre, wielding two +0 giant spiked clubs (almost dead)
You feel a surge of power!
You freeze the two-headed ogre.
The frozen ramparts melt away.
The two-headed ogre barely misses you. x2
You take 1 damage, and have 45/80 hp.
Aiming: Freeze (safe; 1% risk of failure)
Press: ? - help, Q - select action, (/) - cycle Shift-Dir - straight line, f/p - two-headed ogre
Aim: a two-headed ogre, wielding two +0 giant spiked clubs (almost dead)
You feel a surge of power!
You freeze the two-headed ogre.
Joseph, a Mercenary comes into view.
He is wielding a +0 quarterstaff.
Casting: Freeze (safe; 1% risk of failure)
You feel a surge of power!
You miscast Summon Ice Beast.
You are very lightly contaminated with residual magic.
Nothing appears to happen.
The two-headed ogre hits you with a +0 giant spiked club!
* * * LOW HITPOINT WARNING * * *
The two-headed ogre hits you with a +0 giant spiked club!!
* * * LOW HITPOINT WARNING * * *
Joseph unwields a +0 quarterstaff.
Joseph wields a +0 sling of freezing.
It is covered in frost.
Joseph shoots a sling bullet.
The sling bullet hits you!
* * * LOW HITPOINT WARNING * * *
The sling bullet freezes you.
You die...

#. .##.###
....... )......
....... #
....... ##.#
......O#...####
.^.....@.......
.......#.######
.@##### .# .#
.# .# .. .#


You could see Joseph and a two-headed ogre.

Vanquished Creatures
  Pikel (D:6)
  Prince Ribbit (D:7)
  Sigmund (D:2)
  Eustachio (D:6)
  The ghost of LobsterGuardian the Chopper, an amateur DsMo (D:3)
  2 vampire mosquitoes (D:7)
  An acid dragon (D:5)
  A black bear (D:3)
  A centaur (D:5)
  A phantom (D:4)
  3 lemures (D:6)
  2 scorpions
  4 wights (D:7)
  Dowan (D:6)
  A killer bee (D:7)
  2 howler monkeys
  A hound (D:4)
  A jelly (D:6)
  3 iguanas
  Jessica (D:3)
  A sleepcap (D:2)
  Natasha (thrice) (D:2)
  An orc wizard (D:3)
  Robin (D:2)
  8 gnolls
  9 adders
  2 dart slugs
  6 orcs
  9 ball pythons
  10 bats
  6 endoplasms
  5 giant cockroaches
  13 goblins
  7 hobgoblins
  4 quokkas
  4 frilled lizards
  7 kobolds
  5 rats (D:1)
131 creatures vanquished.

Vanquished Creatures (collateral kills)
  2 vampire mosquitoes (D:7)
  A water moccasin (D:6)
  Duvessa (D:6)
  2 sky beasts
  A scorpion (D:5)
  A wight (D:7)
  2 gnoll boudas
  A hound (D:7)
  An orc priest (D:5)
  An iguana (D:5)
  4 gnolls
  A worm (D:5)
  2 orcs (D:5)
20 creatures vanquished.

Vanquished Creatures (others)
  6 fulminant prisms
6 creatures vanquished.

Grand Total: 157 creatures vanquished

Notes
Turn   | Place    | Note
-------+----------+-------------------------------------------
     0 | D:1      | NinjaNoafa the Djinni Ice Elementalist began the quest for
                  | the Orb.
     0 | D:1      | NinjaNoafa set off with the following spells memorised:
                  | Freeze, Frozen Ramparts, Ozocubu's Armour, Summon Ice
                  | Beast.
     0 | D:1      | Reached XP level 1. HP: 15/15 MP: 0/0
    36 | D:1      | Reached XP level 2. HP: 17/22 MP: 0/0
    43 | D:1      | Reached skill level 1 in Fighting
   189 | D:1      | Reached XP level 3. HP: 21/27 MP: 0/0
   189 | D:1      | Learned a level 1 spell: Apportation
   698 | D:2      | Found a faded altar of an unknown god.
   713 | D:2      | Noticed Sigmund
   717 | D:2      | Reached skill level 2 in Fighting
   739 | D:2      | Killed Sigmund
   740 | D:2      | Reached skill level 3 in Fighting
   740 | D:2      | Reached XP level 4. HP: 6/36 MP: 0/0
   740 | D:2      | Reached XP level 5. HP: 6/40 MP: 0/0
   740 | D:2      | Learned a level 2 spell: Scorch
   740 | D:2      | Reached XP level 6. HP: 7/46 MP: 0/0
   839 | D:2      | Found a white marble altar of Elyvilon.
   848 | D:2      | Became a worshipper of Elyvilon the Healer
   878 | D:2      | Noticed Robin
   891 | D:2      | Killed Robin
  1037 | D:2      | Reached skill level 4 in Fighting
  1040 | D:2      | Noticed Natasha
  1045 | D:2      | Killed Natasha
  1138 | D:2      | Found Kulekkui's Book Emporium.
  1237 | D:2      | Noticed Natasha
  1247 | D:2      | Killed Natasha
  1353 | D:2      | Noticed Natasha
  1360 | D:2      | Killed Natasha
  1517 | D:3      | Noticed a black bear
  1525 | D:3      | Killed a black bear
  1526 | D:3      | Reached skill level 5 in Spellcasting
  1526 | D:3      | Reached skill level 5 in Conjurations
  1526 | D:3      | Reached skill level 5 in Hexes
  1526 | D:3      | Reached skill level 5 in Summonings
  1526 | D:3      | Reached skill level 5 in Necromancy
  1526 | D:3      | Reached skill level 5 in Translocations
  1526 | D:3      | Reached skill level 5 in Transmutations
  1526 | D:3      | Reached skill level 5 in Fire Magic
  1526 | D:3      | Reached skill level 5 in Ice Magic
  1526 | D:3      | Reached skill level 5 in Air Magic
  1526 | D:3      | Reached skill level 5 in Earth Magic
  1526 | D:3      | Reached skill level 5 in Poison Magic
  1526 | D:3      | Reached XP level 7. HP: 40/53 MP: 0/0
  1526 | D:3      | Learned a level 2 spell: Wereblood
  1623 | D:3      | Reached * piety under Elyvilon
  1693 | D:3      | Found a runed translucent door.
  1838 | D:3      | Reached skill level 5 in Fighting
  1996 | D:3      | Noticed Jessica
  2000 | D:3      | Killed Jessica
  2136 | D:3      | Identified the +0 pair of boots of Hyjok {rF+ Str+3 Stlth-}
  2286 | D:3      | Noticed LobsterGuardian's ghost (amateur DsMo)
  2304 | D:4      | Reached ** piety under Elyvilon
  2510 | D:4      | Found a stormy altar of Qazlal.
  2771 | D:4      | Reached XP level 8. HP: 54/60 MP: 0/0
  2797 | D:4      | Reached skill level 6 in Fighting
  3144 | D:5      | Entered Level 5 of the Dungeon
  3171 | D:5      | Reached *** piety under Elyvilon
  3238 | D:5      | Upgraded the game from 0.31-a0-544-gceb718ecc6 to
                  | 0.31-a0-557-g6e16503903
  3618 | D:5      | Found a staircase to the Ecumenical Temple.
  3816 | Temple   | Entered the Ecumenical Temple
  3953 | D:6      | Reached skill level 7 in Fighting
  4064 | D:6      | Reached XP level 9. HP: 61/68 MP: 0/0
  4064 | D:6      | Learned a level 4 spell: Fulminant Prism
  4159 | D:6      | Noticed a toenail golem
  4161 | D:6      | Noticed IdlyInterested's ghost (novice DsSh)
  4168 | D:6      | Identified the +1 scimitar of Atipp {heavy, rF+}
  4218 | D:6      | Noticed Eustachio
  4241 | D:6      | Killed Eustachio
  4247 | D:6      | Found Daugoarike's Jewellery Shop.
  4279 | D:6      | Reached **** piety under Elyvilon
  4302 | D:6      | Noticed Pikel
  4309 | D:6      | Killed Pikel
  4310 | D:6      | Reached skill level 8 in Fighting
  4335 | D:6      | Noticed an ancient zyme
  4357 | D:6      | Found a one-way gate to the infinite horrors of the Abyss.
  4385 | D:6      | Found a transporter.
  4393 | D:6      | Found a transporter.
  4627 | D:6      | Noticed Duvessa
  4644 | D:6      | Killed Duvessa
  4649 | D:6      | Noticed Dowan
  4657 | D:6      | Killed Dowan
  4937 | D:3      | Killed LobsterGuardian's ghost
  5078 | D:7      | Noticed Prince Ribbit
  5089 | D:7      | Killed Prince Ribbit
  5090 | D:7      | Reached skill level 9 in Fighting
  5090 | D:7      | Reached XP level 10. HP: 45/78 MP: 0/0
  5571 | D:7      | Reached skill level 10 in Fighting
  5930 | D:7      | Identified the +7 sling "Hell-Harrower" {flame, rC++ rN+
                  | rCorr Int-2}
  6222 | D:8      | Noticed a two-headed ogre
  6232 | D:8      | Was placed under penance by Elyvilon
  6236 | D:8      | Noticed Joseph
  6237 | D:8      | HP: 2/80 [Joseph/sling bullet (10)]
  6237 | D:8      | Shot with a sling bullet by Joseph

Illustrated notes

Levels and vault maps discovered:
D:1:      enne_arrival_octagon_isle, layout_basic
D:2:      layout_rooms, hellmonk_ecumenical_altar_pennies_from_heaven,
          basic_altar, serial_shops, nicolae_shop_window_shopping, uniq_sigmund,
          uniq_natasha, uniq_robin
D:3:      layout_loops_corners, ebering_ghost_sewer_d, uniq_jessica
D:4:      layout_gridville, mainiacjoe_overflow_24_doors
D:5:      layout_basic, minmay_temple_entry_poolview, minmay_chambers_of_fives
D:6:      layout_basic, gammafunk_ghost_abyssal_escape,
          minmay_shop_enchanted_jewellery, uniq_pikel, uniq_eustachio,
          uniq_duvessa
D:7:      layout_loops_corners, chequers_serial_rivers_large_b, st_stairs_9,
          uniq_prince_ribbit1
D:8:      layout_loops_ring, mrwooster_statue_mirror, uniq_joseph
Temple:   mainiacjoe_temple_starburst

Skill      XL: |  1  2  3  4  5  6  7  8  9 10 |
---------------+-------------------------------+-----
Fighting       | 1 3 4 5 7 9 10 | 10.0
Spellcasting   | 4 5 6 7 8 |  8.3
Conjurations   | 4 5 6 7 8 |  8.3
Hexes          | 4 5 6 7 8 |  8.3
Summonings     | 4 5 6 7 8 |  8.3
Necromancy     | 4 5 6 7 8 |  8.3
Translocations | 4 5 6 7 8 |  8.3
Transmutations | 4 5 6 7 8 |  8.3
Fire Magic     | 4 5 6 7 8 |  8.3
Ice Magic      | 4 5 6 7 8 |  8.3
Air Magic      | 4 5 6 7 8 |  8.3
Earth Magic    | 4 5 6 7 8 |  8.3
Poison Magic   | 4 5 6 7 8 |  8.3
Dodging        | |  2.1
Stealth        | |  1.5

Action                     |  1- 3 |  4- 6 |  7- 9 | 10-12 || total
---------------------------+-------+-------+-------+-------++-------
  Melee: Unarmed           |     5 |       |       |       ||     5
         Short sword       |    17 |     1 |       |       ||    18
         Punch             |     1 |       |       |       ||     1
         Dagger            |       |       |    12 |     4 ||    16
   Cast: Freeze            |    36 |    10 |    31 |     7 ||    84
         Ozocubu's Armour  |     3 |     5 |    21 |     6 ||    35
         Frozen Ramparts   |     3 |     4 |    20 |     5 ||    32
         Scorch            |       |    23 |    42 |       ||    65
         Wereblood         |       |       |     9 |     2 ||    11
         Summon Ice Beast  |       |       |    16 |     8 ||    24
         Fulminant Prism   |       |       |     1 |     5 ||     6
    Use: Potion            |     2 |       |       |       ||     2
         Scroll            |       |       |     8 |       ||     8
   Stab: Sleeping          |     1 |       |       |       ||     1
 Armour: Robe              |     9 |    14 |    29 |     1 ||    53
         Skin              |     2 |       |       |       ||     2
  Dodge: Dodged            |    42 |    26 |    62 |    12 ||   142
         Form:             |       |       |     1 |       ||     1
         Maw               |       |       |     1 |       ||     1

Table legend: (Time is in decaauts)
 A = Elapsed time spent in this place.
 B = Non-inter-level travel time spent in this place.
 C = Inter-level travel time spent in this place.
 D = Time resting spent in this place.
 E = Time spent auto-exploring this place.
 F = Levels seen in this place.
 G = Mean time per level.
                   A        B        C        D        E       F      G
               +--------+--------+--------+--------+--------+-----+--------+
         Total |   6235 |   5648 |    587 |    582 |   3827 |   9 |  692.8 |
       Dungeon |   6221 |   5640 |    581 |    582 |   3827 |   8 |  777.6 |
        Temple |     13 |      7 |      6 |      0 |      0 |   1 |   13.0 |
               +--------+--------+--------+--------+--------+-----+--------+

Top non-repeatable levels by time:
     D:7: 1204 daAuts
     D:6: 919 daAuts
     D:3: 902 daAuts
     D:4: 892 daAuts
     D:1: 837 daAuts
     D:5: 801 daAuts
     D:2: 648 daAuts
     D:8: 14 daAuts
  Temple: 13 daAuts
